 Dungeon Crawl Stone Soup version 0.31-a0-845-g9abc20d24f (webtiles) character file.

Game seed: 546714202150026503

21684 pop123321pop the Fighter (level 12, -3/116 HPs)
             Began as a Minotaur Berserker on Oct 1, 2023.
             Was a High Priest of Trog.
             Slain by Erolcha
             ... wielding a +0 giant club
              (33 damage)
             ... on level 9 of the Dungeon.
             The game lasted 00:20:20 (13417 turns).

pop123321pop the Fighter (Minotaur Berserker)      Turns: 13417, Time: 00:20:21

Health: -3/116     AC: 16    Str: 28    XL:     12   Next: 56%
Magic:  11/11      EV: 18    Int:  4    God:    Trog [*****.]
Gold:   737        SH:  0    Dex: 16    Spells: 11/11 levels left

rFire   . . .        J - +0 morningstar (drain)
rCold   . . .        (no shield)
rNeg    . . .        P - +4 ring mail "Qiklood" {rElec Str+7}
rPois   .            (helmet restricted)
rElec   +            o - +0 cloak
rCorr   .            (no gloves)
SInv    .            v - +2 pair of boots {Fly}
Will    ++...        (no amulet)
Stlth   +            (no ring)
HPRegen 1.39/turn    (no ring)
MPRegen 0.12/turn

%: no passive effects
@: strong-willed, on berserk cooldown, flying, regenerating, slowed, very slow
A: horns 2, retaliatory headbutt
a: Renounce Religion, Berserk, Trog's Hand, Brothers in Arms


You were on level 9 of the Dungeon.
You worshipped Trog.
Trog was extremely pleased with you.
You visited 2 branches of the dungeon, and saw 13 of its levels.

You collected 737 gold pieces.

Inventory:

Hand Weapons
 A - a +1 flail of holy wrath
 J - a +0 morningstar of draining (weapon)
Armour
 o - a +0 cloak (worn)
 v - a +2 pair of boots of flying (worn)
 P - the +4 ring mail "Qiklood" (worn) {rElec Str+7}
   (You found it on level 11 of the Dungeon)

   Str+7:     It affects your strength (+7).
   rElec:     It insulates you from electricity.
Jewellery
 b - a +6 ring of intelligence
 e - a +4 ring of protection
 g - a ring of magical power
 k - a ring of ice
 n - a ring of ice
 s - a ring of positive energy
 w - a ring of ice
 G - an amulet of faith
 I - a ring of poison resistance
Wands
 y - a wand of flame (7)
 E - a wand of polymorph (5)
 M - a wand of iceblast (15)
 R - a wand of digging (5)
Scrolls
 a - 2 scrolls of fear
 d - 6 scrolls of enchant armour
 h - 3 scrolls of torment
 i - 7 scrolls of immolation
 j - 2 scrolls of revelation
 l - 2 scrolls of butterflies
 m - 2 scrolls of brand weapon
 r - 2 scrolls of blinking
 t - 4 scrolls of teleportation
 u - a scroll of fog
 z - 3 scrolls of noise
 B - a scroll of poison
 D - 2 scrolls of silence
 N - a scroll of enchant weapon {unknown}
 Q - a scroll of vulnerability {unknown}
Potions
 c - 2 potions of attraction
 f - a potion of mutation {unknown}
 p - 2 potions of degeneration
 q - a potion of experience {unknown}
 x - a potion of enlightenment {unknown}
 C - 2 potions of magic {unknown}
 F - 2 potions of lignification {unknown}
 H - a potion of might {unknown}
 K - 2 potions of haste {unknown}
 L - a potion of curing {unknown}


   Skills:
 + Level 13.8 Fighting
 + Level 12.8 Maces & Flails
 - Level 12.1 Armour
 - Level 12.2 Dodging


You had 11 spell levels left.
You didn't know any spells.
Your spell library was empty.

Dungeon Overview and Level Annotations

Branches:
Dungeon (12/15)            Temple (0/1) D:5            Lair (0/5) D:10
    Orc (1/2) D:9

Altars:
Cheibriados
Dithmenos
Fedhas
Hepliaklqana
Kikubaaqudgha
Makhleb
Nemelex Xobeh
Okawaru
Ru
Sif Muna
Vehumet
Wu Jian
Xom
Yredelemnul
The Shining One

Shops:
D:3 (*   D:6 [

Annotations:
D:6 2 transporters, tinescath's ghost, novice OgSh
D:9 Erolcha


Innate Abilities, Weirdness & Mutations

You have a pair of horns on your head.
You reflexively headbutt those who attack you in melee.


Message History

The orc warrior shoots a bolt.
Something hits you.
The orc high priest shouts!
You fly upwards.
Welcome back to the Dungeon!
Reactivating autopickup.
There is a staircase to the Orcish Mines here.
A red film seems to cover your vision as you go berserk!
You feel yourself moving faster!
You feel mighty! The orc wizard barely misses you.
You thump the orc wizard!
You kill the orc wizard!
Trog accepts your kill.
Trog appreciates your killing of a magic user.
You hear some strange, mumbled words.
Items here: )) [[ †.
You feel a strong urge to attack something.
Deactivating autopickup; reactivate with Ctrl-A.
You closely miss something.
You hear some strange, mumbled words.
You feel a strong urge to attack something.
You feel your anger nearly subside.
You are no longer berserk.
You are exhausted.
You feel yourself slow down.
You start resting.
Something hits you!
You start resting.
Something hits you!
* * * LOW HITPOINT WARNING * * *
There is a strange disturbance nearby!
You hit something.
You hear some strange, mumbled words.
You feel much better.
You puncture something! Your punch misses something.
You hear some strange, mumbled words.
Your skin crawls.
You feel strong-willed.
You hear some strange, mumbled words.
A fireball appears from out of thin air!
The fireball explodes!
The fireball engulfs you!
* * * LOW HITPOINT WARNING * * *
Something hits you!!
You die...

...'.......# ...#.......#
...#.......#
#+##.......##############
..#########)............#
..#......[>)............#
..#......)).............#
..#.......#.............#
..+......###....@.......#
..#.....##_##...........#
#....####...####........#
..####.........##......(#
..###..##...##..###.....#
..#_..###_._###.._#.....#
..###..#######..###.....#
..# ##.........##.......#
>.# #####.#####........#


There were no monsters in sight!

Vanquished Creatures
  Frances (D:12)
  Josephine (D:12)
  Fannar (D:12)
  2 boulder beetles
  4 two-headed ogres
  3 death yaks (D:10)
  An ugly thing (D:12)
  A manticore (D:9)
  Joseph (D:8)
  A gargoyle (D:10)
  2 kobold demonologists (D:11)
  4 trolls
  A hornet (D:10)
  A centaur simulacrum (D:10)
  A vampire (D:9)
  3 shadows
  2 wyverns
  4 slime creatures (D:10)
  7 wraiths
  11 yaks
  Grum (D:9)
  A fire bat (shapeshifter) (D:9)
  A basilisk (D:12)
  2 steam dragons
  4 vampire mosquitoes (D:12)
  3 water moccasins
  An acid dragon (D:10)
  9 orc warriors
  An ice beast (D:6)
  2 sky beasts
  4 black bears
  4 wolves (D:9)
  The ghost of tinfoiltophat the Magician, an amateur DjFE (D:4)
  4 centaurs
  5 kobold brigands
  4 phantoms
  5 scorpions
  2 bullfrogs
  2 gnoll sergeants
  3 wights (D:9)
  10 killer bees
  2 jellies
  3 howler monkeys
  3 hounds
  4 iron imps
  6 orc priests
  A sleepcap (D:5)
  2 iguanas
  9 orc wizards
  3 hell rats (D:10)
  4 adders
  5 gnolls (D:12)
  2 river rats (D:10)
  2 shadow imps
  An ufetubus (D:5)
  4 dart slugs
  A worm (D:4)
  39 orcs
  12 endoplasms
  6 giant cockroaches
  15 goblins
  11 hobgoblins
  2 jackals (D:4)
  9 kobolds
  8 quokkas
  10 ball pythons
  4 bats
  3 frilled lizards
  6 rats
  A butterfly (D:10)
299 creatures vanquished.

Notes
Turn   | Place    | Note
-------+----------+-------------------------------------------
     0 | D:1      | pop123321pop the Minotaur Berserker began the quest for the
                  | Orb.
     0 | D:1      | Reached XP level 1. HP: 19/19 MP: 0/0
    75 | D:1      | Reached XP level 2. HP: 16/26 MP: 1/1
   245 | D:1      | Found a faded altar of an unknown god.
   408 | D:1      | Reached skill level 5 in Maces & Flails
   447 | D:1      | Reached XP level 3. HP: 31/31 MP: 2/2
   932 | D:2      | Reached ** piety under Trog
  1156 | D:2      | Reached XP level 4. HP: 39/39 MP: 3/3
  1949 | D:3      | Found Enofosin's General Store.
  1982 | D:3      | Reached XP level 5. HP: 39/45 MP: 4/4
  2242 | D:3      | Found Ixti's Weapon Shop.
  2286 | D:3      | Found a hazy altar of Hepliaklqana.
  2348 | D:3      | Found an ancient bone altar of Kikubaaqudgha.
  2880 | D:4      | Reached *** piety under Trog
  3006 | D:4      | Reached XP level 6. HP: 51/51 MP: 5/5
  3288 | D:4      | Found a runed translucent gate.
  3288 | D:4      | Found a runed translucent gate.
  3288 | D:4      | Found a runed translucent gate.
  3289 | D:4      | Noticed tinfoiltophat's ghost (amateur DjFE)
  3320 | D:4      | Noticed a sky beast
  3331 | D:4      | Killed a sky beast
  3350 | D:4      | HP: 2/51 [poisoned by a scorpion]
  3673 | D:4      | Found a snail-covered altar of Cheibriados.
  4010 | D:4      | Killed tinfoiltophat's ghost
  4011 | D:4      | Reached XP level 7. HP: 57/57 MP: 6/6
  4161 | D:5      | Entered Level 5 of the Dungeon
  4179 | D:5      | Reached skill level 10 in Maces & Flails
  4456 | D:5      | Reached XP level 8. HP: 64/64 MP: 7/7
  4516 | D:5      | Reached skill level 4 in Fighting
  4735 | D:5      | Found a staircase to the Ecumenical Temple.
  4778 | D:6      | Found a transporter.
  4778 | D:6      | Noticed tinescath's ghost (novice OgSh)
  4904 | D:6      | Reached skill level 5 in Fighting
  4990 | D:6      | Found Tumajigg's Antique Armour Shoppe.
  5032 | D:6      | Reached skill level 6 in Fighting
  5099 | D:6      | Reached skill level 7 in Fighting
  5218 | D:6      | Reached skill level 8 in Fighting
  5319 | D:6      | Found an ornate altar of the Wu Jian Council.
  5354 | D:6      | Found a transporter.
  5415 | D:6      | Reached XP level 9. HP: 71/82 MP: 8/8
  5735 | D:7      | Reached skill level 9 in Fighting
  5899 | D:7      | Found a burning altar of Makhleb.
  5971 | D:7      | Reached skill level 10 in Fighting
  5981 | D:7      | Reached **** piety under Trog
  6181 | D:7      | Identified the +0 leather armour of the Sea {rN+ Str+4}
  6213 | D:7      | Identified the +7 quarterstaff "Ityec" {speed, *Rage rN++
                  | Dex+6}
  6445 | D:8      | Reached skill level 11 in Fighting
  6445 | D:8      | Noticed a two-headed ogre
  6453 | D:8      | Killed a two-headed ogre
  6454 | D:8      | Reached skill level 12 in Fighting
  6597 | D:8      | Noticed a two-headed ogre
  6607 | D:8      | Killed a two-headed ogre
  6608 | D:8      | Reached skill level 13 in Fighting
  6608 | D:8      | Reached XP level 10. HP: 93/101 MP: 9/9
  7041 | D:8      | Found a glowing golden altar of the Shining One.
  7378 | D:8      | Noticed Joseph
  7386 | D:8      | Killed Joseph
  7387 | D:8      | Reached skill level 5 in Armour
  7619 | D:9      | Found a shimmering blue altar of Sif Muna.
  7962 | D:9      | Noticed Grum
  7980 | D:9      | Found a flagged portal.
  7983 | D:9      | Killed Grum
  8306 | D:9      | Found a staircase to the Orcish Mines.
  8356 | D:9      | Found a sacrificial altar of Ru.
  8356 | D:9      | Found an iron altar of Okawaru.
  8363 | D:9      | Found a sparkling altar of Nemelex Xobeh.
  8365 | D:9      | Found a radiant altar of Vehumet.
  8367 | D:9      | Found a shadowy altar of Dithmenos.
  8539 | D:9      | HP: 4/101 [poisoned by a water moccasin]
  8822 | D:9      | Found a basalt altar of Yredelemnul.
  8861 | D:9      | Noticed a manticore
  8873 | D:9      | Killed a manticore
  8941 | D:9      | Reached skill level 10 in Armour
  9184 | D:10     | Entered Level 10 of the Dungeon
  9306 | D:10     | Reached XP level 11. HP: 15/107 MP: 10/10
 10315 | D:10     | Noticed a death yak
 10316 | D:10     | Noticed a death yak
 10318 | D:10     | Found a staircase to the Lair.
 10318 | D:10     | Noticed a death yak
 10335 | D:10     | Killed a death yak
 10336 | D:10     | Reached skill level 5 in Dodging
 10338 | D:10     | Killed a death yak
 10348 | D:10     | Killed a death yak
 10527 | D:10     | Found a blossoming altar of Fedhas.
 10752 | D:10     | Found a shimmering altar of Xom.
 11119 | D:11     | Found a gate leading to a gauntlet.
 11544 | D:11     | Identified the +4 ring mail "Qiklood" {rElec Str+7}
 11580 | D:11     | Noticed a boulder beetle
 11600 | D:11     | Killed a boulder beetle
 11937 | D:12     | Noticed Fannar
 11937 | D:12     | Noticed Frances
 11952 | D:12     | Killed Fannar
 11956 | D:12     | Noticed a sixfirhy
 11960 | D:12     | Killed Frances
 11961 | D:12     | Reached skill level 10 in Dodging
 11961 | D:12     | Reached XP level 12. HP: 115/115 MP: 11/11
 12033 | D:12     | Noticed a two-headed ogre
 12036 | D:12     | Killed a two-headed ogre
 12046 | D:12     | Noticed Josephine
 12059 | D:12     | Killed Josephine
 12166 | D:12     | Noticed a two-headed ogre
 12172 | D:12     | Killed a two-headed ogre
 12289 | D:12     | Noticed a boulder beetle
 12295 | D:12     | Killed a boulder beetle
 12941 | D:12     | Reached ***** piety under Trog
 13368 | Orc:1    | Entered Level 1 of the Orcish Mines
 13379 | Orc:1    | Noticed Erolcha
 13391 | Orc:1    | Noticed an orc high priest
 13417 | D:9      | Slain by Erolcha

Illustrated notes

Levels and vault maps discovered:
D:1:      evilmike_arrival_hilbert_curve, layout_loops_ring,
          chequers_ecumenical_altar_simple_redux, patterned_corridor
D:2:      layout_rooms, serial_co_window_serial, co_window_paths_a,
          co_window_corner_a, co_window_paths_b, co_window_of_opportunity_a,
          co_window_paths_a, co_window_unsneaky_path_c,
          co_window_unsneaky_path_a, co_window_corner_b, co_window_cross_2,
          co_window_paths_e, glass_columns_a, glass_columns_b, glass_columns_b,
          glass_columns_a
D:3:      layout_loops_ring, nzn_hepliaklqana_mist_gate,
          mainiacjoe_overflow_brackets, serial_shops, shop, shop,
          reono_crystal_passage, chequers_serial_rivers_large_b,
          minmay_tree_intersection, kennysheep_generic_room_14
D:4:      layout_gridville, chei_slow_surprise, ebering_ghost_rock_garden,
          kennysheep_another_room, minivault_26, minmay_pentangle
D:5:      layout_rooms, minmay_temple_entry_hall, bh_walls_and_bars
D:6:      layout_basic, nicolae_wu_jian_wuxing_cycle, gammafunk_ghost_arena,
          nicolae_take_the_stairs, nicolae_figureground_sparkle
D:7:      layout_rooms, demons_altar
D:8:      layout_basic, kennysheep_little_box, uniq_joseph
D:9:      layout_gridville, led_sif_book, chequers_temple_overflow_minitemple,
          orc_0_dummy, enter_bailey_3, minmay_ruined_shrine, uniq_grum
D:10:     layout_loops_ring, fedhas_altar_3, xom_butterflies,
          dpeg_lair_monsters, evilmike_minifort
D:11:     layout_roguey, gauntlet_entry_generic
D:12:     layout_basic, uniq_josephine, uniq_fannar, uniq_frances
Orc:1:    layout_caves, mines4_lemuel, uniq_erolcha

Skill      XL: |  1  2  3  4  5  6  7  8  9 10 11 12 |
---------------+-------------------------------------+-----
Maces & Flails | 4 5 6 7 8 9 11 12 | 12.8
Fighting       | 8 13 | 13.8
Armour         | 11 12 | 12.1
Dodging        | 10 12 | 12.2

Action                     |  1- 3 |  4- 6 |  7- 9 | 10-12 || total
---------------------------+-------+-------+-------+-------++-------
  Melee: Mace              |   104 |   136 |    60 |       ||   300
         Headbutt          |    14 |    21 |    33 |   103 ||   171
         Punch             |     1 |     2 |     1 |     5 ||     9
         Flail             |       |       |   103 |       ||   103
         Morningstar       |       |       |    30 |   468 ||   498
 Invoke: Berserk           |     1 |     4 |     4 |    13 ||    22
         Trog's Hand       |       |       |       |     2 ||     2
         Brothers in Arms  |       |       |       |     1 ||     1
    Use: Potion            |       |     3 |       |     6 ||     9
         Scroll            |       |       |       |    13 ||    13
 Armour: Animal skin       |    43 |       |       |       ||    43
         Plate armour      |    23 |    99 |   201 |   398 ||   721
         Ring mail         |       |       |       |    84 ||    84
  Dodge: Dodged            |    38 |    39 |    71 |   261 ||   409

Table legend: (Time is in decaauts)
 A = Elapsed time spent in this place.
 B = Non-inter-level travel time spent in this place.
 C = Inter-level travel time spent in this place.
 D = Time resting spent in this place.
 E = Time spent auto-exploring this place.
 F = Levels seen in this place.
 G = Mean time per level.
                   A        B        C        D        E       F      G
               +--------+--------+--------+--------+--------+-----+--------+
         Total |  13600 |  12986 |    614 |   3073 |   7948 |  13 | 1046.2 |
       Dungeon |  13588 |  12975 |    613 |   3073 |   7948 |  12 | 1132.3 |
  Orcish Mines |     11 |     11 |      0 |      0 |      0 |   1 |   11.0 |
               +--------+--------+--------+--------+--------+-----+--------+

Top non-repeatable levels by time:
    D:10: 1950 daAuts
     D:9: 1714 daAuts
     D:4: 1443 daAuts
    D:12: 1382 daAuts
     D:8: 1194 daAuts
     D:1: 996 daAuts
     D:6: 949 daAuts
     D:3: 905 daAuts
     D:2: 901 daAuts
    D:11: 848 daAuts
     D:7: 701 daAuts
     D:5: 601 daAuts
   Orc:1: 11 daAuts
